 Dungeon Crawl Stone Soup version 0.12.2-35-g1c9f977 (webtiles) character file.

170 Rycklaryybbe the Insei (level 4, 0/28 HPs)
             Began as an Octopode Transmuter on Sept 14, 2013.
             Killed from afar by an orc wizard (6 damage)
             ... with a magic dart
             ... on Level 3 of the Dungeon.
             The game lasted 00:03:54 (1720 turns).

Rycklaryybbe the Insei (Octopode Transmuter)        Turns: 1720, Time: 00:03:54

HP   0/28        AC  2     Str  9      XL: 4   Next: 67%
MP   4/6         EV 20     Int 15      God:
Gold 74          SH  0     Dex 18      Spells:  2 memorised,  3 levels left

Res.Fire  : . . .   See Invis. : .   q - melded +1 elf dagger (pain)
Res.Cold  : . . .   Warding    : .   (shield currently unavailable)
Life Prot.: . . .   Conserve   : .   (helmet currently unavailable)
Res.Poison: x       Res.Corr.  : .   (no amulet)
Res.Elec. : .       Clarity    : .   (no ring)
Sust.Abil.: . .     Spirit.Shd : .   (no ring)
Res.Mut.  : .       Stasis     : .   (no ring)
Res.Rott. : .       Ctrl.Telep.: .   (no ring)
Saprovore : . . .   Flight     : .   (no ring)
                                     (no ring)
                                     (no ring)
                                     (no ring)

@: spider-form (expiring), confused, quick, slightly resistant to hostile
enchantments, very unstealthy
A: almost no armour, amphibious, 8 rings, (constrict 8), (camouflage 0)
a: End Transformation


You were on level 3 of the Dungeon.
You were hungry.
You were in spider-form.
You visited 1 branch of the dungeon, and saw 3 of its levels.

You collected 54 gold pieces.

Inventory:

Hand weapons
 j - a +2,+3 orcish dagger (quivered)
 q - a +1,+1 elven dagger of pain (melded)
Missiles
 b - 12 arrows
Comestibles
 a - 2 bread rations
 h - a meat ration
 m - a pear
Scrolls
 f - 2 scrolls of teleportation {unknown}
 g - 4 scrolls of identify {unknown}
 i - a scroll of curse armour {unknown}
 n - 4 scrolls of remove curse {unknown}
 p - a scroll of enchant weapon I {unknown}
Potions
 c - a potion of confusion {unknown}
 e - a potion of speed {unknown}
 k - a potion of brilliance {unknown}
 l - 3 potions of curing {unknown}
 o - 2 potions of poison {unknown}
Books
 d - a book of Changes

   Spells                             Type                      Level
   *Beastly Appendage                 Transmutation                1
   Sticks to Snakes                   Transmutation                2
   *Spider Form                       Transmutation/Poison         3
   Ice Form                           Ice/Transmutation            4
   Blade Hands                        Transmutation                5


   Skills:
 - Level 1.1 Fighting
 - Level 0.6 Short Blades
 - Level 2.2 Dodging
 - Level 1.5 Stealth
 - Level 3.5 Unarmed Combat
 - Level 2.0 Spellcasting
 + Level 3.1 Transmutations
 * Level 2.1 Poison Magic


You had 3 spell levels left.
You knew the following spells:

 Your Spells              Type           Power        Failure   Level  Hunger
a - Beastly Appendage     Trmt           ###....      21%         1    #......
b - Spider Form           Trmt/Pois      ##........   45%         3    ####...


Dungeon Overview and Level Annotations

Branches:
Dungeon (3/27)

Altars:


Innate Abilities, Weirdness & Mutations

You cannot wear most types of armour.
You are amphibious.
You can wear up to eight rings at the same time.*
((You can use your tentacles to constrict many enemies at once.))*
((Your skin changes colour to match your surroundings (Stlth).))*
((Your rubbery body absorbs attacks (AC +1).))*


Message History

The orc wizard hits you but does no damage.
You hit the orc wizard.
The orc wizard is almost dead.
The orc wizard casts a spell.
The orc wizard flickers and vanishes!
You hit it.
Reactivating autopickup.
Your Poison Magic skill increases to level 2!
You feel a bit more experienced.
Deactivating autopickup; reactivate with Ctrl-A.
You hit it but do no damage.
It picks up an orcish dagger.
You hit it. It hits you but does no damage.
You barely miss it.
You hear some strange, mumbled words.
You are confused.
Ouch! It hits you!
* * * LOW HITPOINT WARNING * * *
You hear some strange, mumbled words.
The magic dart hits you!
You die...

........ #.#
#.....# #.#
#.....# #.#
#.....# #.#
#..$..###.###.###
#......<........#
####.####.###.#.#
#.# #.# #s# #.#
#[# #.# #o# #.#
#.# #.# ... #.#
##### ... #.#
..... ... #%#
##### ##.## #.#
#.# #.#


You could see an orc.

Vanquished Creatures
  An orc wizard (D:3)
  An adder (D:2)
  A gnoll (D:1)
  2 giant geckos (D:1)
  3 orcs (D:3)
  8 hobgoblins
  5 jackals (D:1)
  3 kobolds
  11 bats
  2 giant newts (D:2)
  4 goblins
  8 rats
49 creatures vanquished.

Notes
Turn   | Place    | Note
--------------------------------------------------------------
     0 | D:1      | Rycklaryybbe, the Octopode Transmuter, began the quest for the Orb.
     0 | D:1      | Reached XP level 1. HP: 13/13 MP: 1/1
   186 | D:1      | Reached XP level 2. HP: 12/18 MP: 3/3
   343 | D:1      | Reached XP level 3. HP: 19/23 MP: 4/4
  1131 | D:2      | Reached skill level 1 in Stealth
  1131 | D:2      | Reached XP level 4. HP: 8/28 MP: 6/6
  1201 | D:2      | HP: 1/28 [poisoned by an adder]
  1409 | D:2      | Learned a level 3 spell: Spider Form
  1646 | D:3      | Reached skill level 1 in Poison Magic
  1720 | D:3      | Killed from afar by an orc wizard

Action                   |  1- 3 |  4- 6 || total
-------------------------+-------+-------++-------
Melee: Unarmed           |    32 |    11 ||    43
       Dagger            |    32 |    15 ||    47
 Cast: Spider Form       |       |     1 ||     1
 Stab: Sleeping          |     5 |     1 ||     6
